 Dungeon Crawl Stone Soup version 0.30-b1-2-g02819fbbbe (webtiles) character file.

Game seed: 18243071562084788223

53 prikolics the Grasshopper (level 3, 0/32 HPs)
             Began as a Naga Warper on Aug 11, 2023.
             Slain by a worm (3 damage)
             ... on level 2 of the Dungeon.
             The game lasted 00:08:56 (1176 turns).

prikolics the Grasshopper (Naga Warper)             Turns: 1176, Time: 00:08:56

Health: 0/32       AC:  2    Str: 13    XL:     3   Next: 89%
Magic:  6/6        EV:  9    Int: 15    God:
Gold:   32         SH:  0    Dex: 10    Spells: 4/6 levels left

rFire   . . .        a - +0 spear
rCold   . . .        (no shield)
rNeg    . . .        b - +0 leather armour
rPois   +            (no helmet)
rElec   .            (no cloak)
rCorr   .            (no gloves)
SInv    +            (no barding)
Will    .....        (no amulet)
Stlth   +            (no ring)
HPRegen 0.25/turn    (no ring)
MPRegen 0.10/turn

%: no passive effects
@: lethally poisoned (0 -> -2), short of breath, weak-willed, very slow
A: AC +1, large, see invisible, deformed body, poison resistance, slowness 2,
spit poison 1, naga tail 1
a: Spit Poison


You were on level 2 of the Dungeon.
You visited 1 branch of the dungeon, and saw 2 of its levels.

You collected 32 gold pieces.

Inventory:

Hand Weapons
 a - a +0 spear (weapon)
Missiles
 d - 7 boomerangs of dispersal
 f - 3 stones (quivered)
Armour
 b - a +0 leather armour (worn)
Jewellery
 h - a ring of fire
Scrolls
 c - a scroll of blinking


   Skills:
 + Level 2.1 Fighting
 + Level 2.3 Polearms
 + Level 0.8 Throwing
 - Level 0.7 Armour
 + Level 1.7 Dodging
 * Level 1.4 Stealth
 + Level 2.1 Spellcasting
 * Level 4.0 Translocations


You had 4 spell levels left.
You knew the following spells:

 Your Spells              Type           Power      Damage    Failure   Level
a - Blink                 Tloc           26%        N/A       9%          2

Your spell library contained the following spells:

 Spells                   Type           Power      Damage    Failure   Level
 Lesser Beckoning         Tloc           26%        N/A       9%          2
 Teleport Other           Tloc           13%        N/A       16%         3
 Momentum Strike          Conj/Tloc      14%        3d8       19%         2
 Freeze                   Ice            4%         1d3       28%         1
 Kiss of Death            Conj/Necr      4%         2d5       28%         1
 Sting                    Tmut/Pois      4%         1d3       28%         1
 Vhi's Electric Charge    Tloc/Air       14%        N/A       36%         3
 Manifold Assault         Tloc           13%        N/A       47%         4
 Confusing Touch          Hex            1%         N/A       63%         3
 Frozen Ramparts          Ice            2%         1d1       63%         3
 Hailstorm                Conj/Ice       1%         3d3       63%         3
 Dispel Undead            Necr           1%         3d6       95%         4
 Dispersal                Tloc           6%         N/A       100%        6


Dungeon Overview and Level Annotations

Branches:
Dungeon (2/15)

Altars:

Annotations:
D:2 Robin


Innate Abilities, Weirdness & Mutations

Your serpentine skin is tough. (AC +1)
You have supernaturally acute eyesight. (SInv)
Armour fits poorly on your strangely shaped body.
Your system is resistant to poisons. (rPois)
You cover ground very slowly.
You can spit poison.
You have a snake-like lower body.


Message History

A worm comes into view.
Found an inky potion.
The adder bites you but does no damage.
Aiming: Spit Poison (2% risk of failure)
Press: ? - help, Shift-Dir - straight line, f - adder
Aim: an adder (37% to hit)
The splash of poison misses the adder.
The splash of poison hits the adder!
The adder is severely wounded.
The adder bites you.
You hit the adder.
The adder is lightly wounded.
The adder bites you.
You are poisoned.
The adder poisons you!
You aren't carrying any potions.
You aren't carrying any potions.
As you read the scroll labelled ICSAUL GEMYTTE, it crumbles to dust.
The scroll dissolves into smoke.
It was a scroll of fog.
You have got your breath back.
You feel sick. The adder bites you.
* * * LOW HITPOINT WARNING * * *
The adder closely misses you.
As you read the scroll labelled ZYLLOL UWNEE, it crumbles to dust.
Magic quickly surges around you.
It was a scroll of vulnerability.
You feel sick. The adder barely misses you.
You aren't carrying any potions.
Aiming: Spit Poison (2% risk of failure)
Press: ? - help, Shift-Dir - straight line, f/p - adder
Aim: an adder (black smoke, lightly wounded, weak-willed, 37% to hit)
The splash of poison hits the adder!
The adder is poisoned.
The adder is almost dead.
You feel sick.
You kill the adder!
Your Translocations skill increases to level 4!
You closely miss the adder.
The adder is heavily wounded.
You feel sick. The adder bites you.
* * * LOW HITPOINT WARNING * * *
The worm bites you.
You die...

...#g######...####
...#....###...####
####.............#
#...####...##.#
#.#.# #....# .#
#.##...##..##.#
#.#?... #.§...#
##.. #.#g####§#
..#( #.#gS@w§.#
#.## ..######## #.
.### #


You could see a worm (weak-willed), an adder (weak-willed) and 2 goblins.

Vanquished Creatures
  A gnoll (D:1)
  An adder (D:2)
  A worm (D:2)
  A dart slug (D:1)
  2 ball pythons
  5 bats (D:1)
  An endoplasm (D:2)
  3 giant cockroaches
  4 hobgoblins (D:1)
  A quokka (D:1)
  A frilled lizard (D:1)
  4 goblins
  3 kobolds (D:1)
  A rat (D:1)
29 creatures vanquished.

Notes
Turn   | Place    | Note
-------+----------+-------------------------------------------
     0 | D:1      | prikolics the Naga Warper began the quest for the Orb.
     0 | D:1      | Reached XP level 1. HP: 19/19 MP: 3/3
     9 | D:1      | Noticed an ogre
   168 | D:1      | Reached XP level 2. HP: 26/26 MP: 5/5
   421 | D:1      | Reached XP level 3. HP: 32/32 MP: 6/6
   424 | D:1      | Learned a level 2 spell: Blink
   854 | D:1      | Got the Atlas of Relocation and Teratogeny
  1008 | D:2      | Reached skill level 1 in Stealth
  1142 | D:2      | Noticed Robin
  1176 | D:2      | Reached skill level 4 in Translocations
  1176 | D:2      | Slain by a worm

Illustrated notes

Levels and vault maps discovered:
D:1:      evilmike_arrival_come_back, layout_loops_corners
D:2:      layout_basic, minmay_hexomino_f4, uniq_robin

Skill      XL: |  1  2  3 |
---------------+----------+-----
Stealth        | 1 |  1.4
Translocations | 4 |  4.0
Fighting       | |  2.1
Polearms       | |  2.3
Throwing       | |  0.8
Armour         | |  0.7
Dodging        | |  1.7
Spellcasting   | |  2.1

Action                     || total
---------------------------++-------
  Melee: Spear             ||    62
  Throw: Stone             ||     6
Ability: Spit Poison       ||    30
    Use: Scroll            ||     2
 Armour: Leather armour    ||     9
  Dodge: Dodged            ||    25
